 Dungeon Crawl Stone Soup version 0.31-a0-986-g5e6e4ef867 (webtiles) character file.

Game seed: 5511833439481102680

84 TrayleKats the Gusty (level 4, -3/25 HPs)
             Began as a Deep Elf Air Elementalist on Nov 10, 2023.
             Killed by miscasting Airstrike (10 damage)
             ... on level 2 of the Dungeon.
             The game lasted 00:02:29 (1770 turns).

TrayleKats the Gusty (Deep Elf Air Elementalist)    Turns: 1770, Time: 00:02:29

Health: -3/25      AC:  3    Str:  5    XL:     4   Next: 24%
Magic:  7/11       EV: 12    Int: 22    God:
Gold:   67         SH:  0    Dex: 15    Spells: 0/10 levels left

rFire   . . .        (no weapon)
rCold   . . .        (no shield)
rNeg    . . .        a - +0 robe
rPois   .            m - +0 hat {Will+}
rElec   .            f - +0 cloak
rCorr   .            (no gloves)
SInv    .            (no boots)
Will    +....        (no amulet)
Stlth   ++           (no ring)
HPRegen 0.24/turn    (no ring)
MPRegen 0.12/turn

%: no passive effects
@: very slightly contaminated
A: no striking features
a: no special abilities


You were on level 2 of the Dungeon.
You visited 1 branch of the dungeon, and saw 2 of its levels.

You collected 67 gold pieces.

Inventory:

Armour
 a - a +0 robe (worn)
 f - a +0 cloak (worn)
 m - a +0 hat of willpower (worn)
Scrolls
 c - a scroll of fear {unknown}
 e - a scroll of revelation {unknown}
 i - a scroll of fog {unknown}
 j - a scroll of torment {unknown}
 l - a scroll of amnesia {unknown}
Potions
 d - a potion of attraction {unknown}
 g - a potion of brilliance {unknown}
 h - a potion of ambrosia {unknown}
 k - a potion of enlightenment {unknown}


   Skills:
 + Level 1.2 Fighting
 - Level 2.4 Dodging
 - Level 2.4 Stealth
 + Level 3.8 Spellcasting
 + Level 2.2 Conjurations
 * Level 3.9 Air Magic


You couldn't memorise any spells.
You knew the following spells:

 Your Spells              Type           Power      Damage    Failure   Level
a - Shock                 Conj/Air       68%        1d7       3%          1
b - Swiftness             Air            21%        N/A       7%          3
c - Static Discharge      Conj/Air       34%        3-5/arc   4%          2
d - Airstrike             Air            10%        2d(2-18)  22%         4

Your spell library contained the following spells:

 Spells                   Type           Power      Damage    Failure   Level
 Apportation              Tloc           8%         N/A       12%         1
 Jinxbite                 Hex            8%         N/A       17%         2
 Alistair's Intoxication  Tmut/Pois      2%         N/A       97%         5


Dungeon Overview and Level Annotations

Branches:
Dungeon (2/15)

Altars:
Nemelex Xobeh

Annotations:
D:2 Jessica


Message History

The bat closely misses you.
Jessica casts a spell.
Jessica seems to speed up.
The bat attacks as it pursues you! The bat barely misses you.
The bat hits you but does no damage. Jessica casts a spell at you.
Pain shoots through your body! The bat hits you but does no damage.
The bat hits you but does no damage.
The zap hits the bat.
You kill the bat!
The zap hits Jessica.
Jessica is heavily wounded.
Your magical contamination has completely faded away.
Jessica casts a spell at you. You resist with some effort.
Jessica casts a spell.
Jessica blinks!
Jessica attacks as she pursues you! Jessica closely misses you.
You closely miss Jessica.
Jessica is heavily wounded.
Jessica gestures at you while chanting. Pain shoots through your body!
Jessica completely misses you.
You hit Jessica but do no damage.
Jessica is heavily wounded.
Jessica barely misses you.
You closely miss Jessica. Your punch misses Jessica.
Jessica is heavily wounded.
Jessica closely misses you. Jessica hits you with a +0 dagger.
Magic courses through your body. Jessica hits you with a +0 dagger.
* * * LOW HITPOINT WARNING * * *
Casting: Shock (safe; 3% risk of failure)
Confirm with . or Enter, or press ? or * to list all spells.
Aiming: Airstrike (astonishingly dangerous; 22% risk of failure)
Press: ? - help, Dir - move target, f - Jessica
Aim: Jessica, wielding a +0 dagger and wearing a +2 robe of willpower (heavily wounded, fast, empty space bonus: 2/8)
You miscast Airstrike.
You are very lightly contaminated with residual magic.
The wind whips around you!
You die...

#.. #.### ##
#.####†# .. #.#....#
#.###...#### #.
........#### ####.
#.##.##....#
.....###.##....##.#
.#...........#### #
........###..@@.# .
#.....###.###.#
....#...........#
.........######....#
_[..#....# ######
.......#.#
.......#.#
####.#.#># #...#..


You could see Jessica (fast).

Vanquished Creatures
  4 adders (D:2)
  3 dart slugs
  2 endoplasms
  A giant cockroach (D:1)
  3 goblins (D:1)
  3 jackals (D:2)
  4 kobolds
  3 quokkas (D:1)
  10 ball pythons
  6 bats
  3 frilled lizards
  A rat (D:2)
43 creatures vanquished.

Notes
Turn   | Place    | Note
-------+----------+-------------------------------------------
     0 | D:1      | TrayleKats the Deep Elf Air Elementalist began the quest
                  | for the Orb.
     0 | D:1      | Reached XP level 1. HP: 10/10 MP: 6/6
   177 | D:1      | Reached XP level 2. HP: 15/15 MP: 1/8
   948 | D:2      | Reached XP level 3. HP: 20/20 MP: 5/9
  1147 | D:2      | Reached skill level 1 in Fighting
  1320 | D:2      | Reached XP level 4. HP: 25/25 MP: 9/11
  1612 | D:2      | Learned a level 3 spell: Swiftness
  1615 | D:2      | Learned a level 2 spell: Static Discharge
  1620 | D:2      | Learned a level 4 spell: Airstrike
  1747 | D:2      | Found a sparkling altar of Nemelex Xobeh.
  1747 | D:2      | Noticed Jessica
  1770 | D:2      | Killed by miscasting Airstrike

Illustrated notes

Levels and vault maps discovered:
D:1:      roderic_dead_forest, layout_basic, chequers_serial_rivers_micro_c,
          serial_bayou_lagoon_a, minmay_tiny_reverse_x
D:2:      layout_basic, basic_altar, minmay_snake_closets, uniq_jessica

Skill      XL: |  1  2  3 |
---------------+----------+-----
Fighting       | 1 |  1.2
Conjurations   | 2 |  2.2
Dodging        | |  2.4
Stealth        | |  2.4
Spellcasting   | |  3.8
Air Magic      | |  3.9

Action                     |  1- 3 |  4- 6 || total
---------------------------+-------+-------++-------
  Melee: Unarmed           |     1 |     3 ||     4
   Cast: Shock             |    61 |    17 ||    78
         Airstrike         |       |     1 ||     1
    Use: Potion            |       |     1 ||     1
 Armour: Robe              |     4 |     5 ||     9
  Dodge: Dodged            |     7 |     7 ||    14

Table legend: (Time is in decaauts)
 A = Elapsed time spent in this place.
 B = Non-inter-level travel time spent in this place.
 C = Inter-level travel time spent in this place.
 D = Time resting spent in this place.
 E = Time spent auto-exploring this place.
 F = Levels seen in this place.
 G = Mean time per level.
                   A        B        C        D        E       F      G
               +--------+--------+--------+--------+--------+-----+--------+
         Total |   1776 |   1769 |      7 |    422 |   1131 |   2 |  888.0 |
       Dungeon |   1776 |   1769 |      7 |    422 |   1131 |   2 |  888.0 |
               +--------+--------+--------+--------+--------+-----+--------+

Top non-repeatable levels by time:
     D:1: 929 daAuts
     D:2: 846 daAuts
